 Dungeon Crawl Stone Soup version 0.23-a0-391-g8c51ad5 (webtiles) character file.

53 Cryolive the Digger (level 3, -3/19 HPs)
             Began as a Gargoyle Earth Elementalist on Oct 30, 2018.
             Slain by a gnoll (6 damage)
             ... on level 3 of the Dungeon.
             The game lasted 00:02:38 (1439 turns).

Cryolive the Digger (Gargoyle Earth Elementalist)   Turns: 1439, Time: 00:02:39

Health: -3/19      AC:  5    Str: 11    XL:     3   Next: 89%
Magic:  7/7        EV: 12    Int: 16    God:
Gold:   121        SH:  0    Dex: 10    Spells: 3/7 levels left

rFire    . . .     SeeInvis .   g - +0 whip
rCold    . . .     Gourm    .   (no shield)
rNeg     + . .     Faith    .   c - +0 robe
rPois    ∞         Spirit   .   (no helmet)
rElec    +         Reflect  .   (no cloak)
rCorr    .         Harm     .   (no gloves)
MR       +....     Rnd*Tele +   (no boots)
Stlth    ++........             (no amulet)
HPRegen  0.06/turn              l - ring of teleportation (curse)
MPRegen  0.10/turn              p - ring of protection from magic

@: no status effects
A: negative energy resistance 1, electricity resistance, unbreathing,
petrification resistance, rot immunity, AC +3
a: no special abilities


You were on level 3 of the Dungeon.
You were not hungry.

You visited 1 branch of the dungeon, and saw 3 of its levels.

You collected 121 gold pieces.

Inventory:

Hand Weapons
 g - a +0 whip (weapon)
Missiles
 b - 34 stones (quivered)
Armour
 c - a +0 robe (worn)
Jewellery
 l - a cursed ring of teleportation (left hand)
 p - a ring of protection from magic (right hand)
Wands
 n - a wand of polymorph (7)
Scrolls
 f - 4 scrolls of identify
 h - a scroll of fog {unknown}
 k - a scroll of enchant weapon {unknown}
 o - a scroll of teleportation {unknown}
Potions
 a - a potion of heal wounds {unknown}
 e - 2 potions of curing {unknown}
 i - a potion of cancellation
 j - 2 potions of lignification {unknown}
 m - a potion of might {unknown}
Comestibles
 d - 5 rations


   Skills:
 - Level 1.5 Dodging
 - Level 2.1 Stealth
 + Level 2.9 Spellcasting
 + Level 1.0 Conjurations
   Level 0.7 Transmutations
 + Level 4.6 Earth Magic


You had 3 spell levels left.
You knew the following spells:

 Your Spells              Type           Power        Failure   Level  Hunger
a - Sandblast             Erth           ###...       2%          1    #......
b - Stone Arrow           Conj/Erth      ##....       19%         3    ###....

Your spell library contained the following spells:

 Spells                   Type           Power        Failure   Level  Hunger
 Passwall                 Tmut/Erth      ##......     10%         2    ##.....
 Petrify                  Tmut/Erth      ##......     54%         4    #####..
 Lee's Rapid Deconstruct  Erth           ###.......   61%         5    ######.


Dungeon Overview and Level Annotations

Branches:
Dungeon (3/15)

Altars:
Trog
Yredelemnul


Innate Abilities, Weirdness & Mutations

You are resistant to torment.
Your stone body is resilient. (AC +3)
You are immune to poison.
You resist negative energy. (rN+)
You are resistant to electric shocks. (rElec)
You can survive without breathing.
You are immune to petrification.
You are immune to rotting.


Message History

The gnoll closely misses you. The gnoll hits you with a +0 whip.
The gnoll hits you but does no damage.
You closely miss the gnoll.
The gnoll is moderately wounded.
The gnoll hits you. The gnoll barely misses you. The gnoll closely misses you.
The gnoll hits you with a cursed -2 flail.
* * * LOW HITPOINT WARNING * * *
You are too injured to fight recklessly!
You are too injured to fight recklessly!
You are too injured to fight recklessly!
You are too injured to fight recklessly!
You are too injured to fight recklessly!
You are too injured to fight recklessly!
You are too injured to fight recklessly!
You are too injured to fight recklessly!
You are too injured to fight recklessly!
You are too injured to fight recklessly!
You are too injured to fight recklessly!
The gnoll hits you.
You die...

#.# ### ###.# ..
#.... .. # #.#.#
.##.## #.#.# .....
. #.#?##S#$#...
#######$#..gg......
### ..........@.g#
#..
..%.....####g......
#.# ######..#
.####.. #.# #..# ..
#.##########..# ###
#.............#
#..#########.##
.......# #.#
#.†###.# #.#


You could see 4 gnolls and an adder.

Vanquished Creatures
  An adder (D:2)
  An ooze (D:2)
  A worm (D:2)
  A dart slug (D:1)
  A leopard gecko (D:2)
  5 giant cockroaches
  3 goblins
  3 hobgoblins
  2 kobolds
  6 bats
  3 frilled lizards (D:2)
  2 gnoll zombies (D:2)
  3 rats
32 creatures vanquished.

Notes
Turn   | Place    | Note
-------+----------+-------------------------------------------
     0 | D:1      | Cryolive the Gargoyle Earth Elementalist began the quest
                  | for the Orb.
     0 | D:1      | Reached XP level 1. HP: 10/10 MP: 3/3
   233 | D:1      | Reached skill level 4 in Earth Magic
   233 | D:1      | Reached XP level 2. HP: 11/15 MP: 5/5
   616 | D:2      | Reached XP level 3. HP: 11/19 MP: 6/6
   621 | D:2      | Learned a level 3 spell: Stone Arrow
   790 | D:2      | Found a bloodstained altar of Trog.
  1333 | D:2      | Found a basalt altar of Yredelemnul.
  1403 | D:3      | Reached skill level 1 in Conjurations
  1439 | D:3      | Slain by a gnoll

Vault maps used:
D:1:      minmay_arrival_semitransparent
D:2:      lightli_temple_of_fire, lemuel_zombie_altar_yredelemnul,
          minmay_octomino_j4
D:3:      nicolae_overflow_crystal_walls, grunt_temple_overflow_open,
          uniq_grinder, uniq_ijyb

Skill      XL: |  1  2  3 |
---------------+----------+-----
Earth Magic    | 4 |  4.6
Conjurations   | 1 |  1.0
Dodging        | |  1.5
Stealth        | |  2.1
Spellcasting   | |  2.9
Transmutations | |  0.7

Action                   || total
-------------------------++-------
Melee: Unarmed           ||    20
       Whip              ||   142
 Cast: Sandblast         ||     1
  Use: Scroll            ||     2
 Stab: Sleeping          ||     5
  Eat: Chunk             ||     2
Armor: Robe              ||    52
Dodge: Dodged            ||   116

Table legend:
 A = Non-vault XP
 B = Vault XP
 C = Vault XP percentage of total XP
 D = Non-vault monster count
 E = Vault monster count
 F = Vault count percentage of total count
                 A         B        C        D         E       F
            +---------+---------+-------+---------+---------+-------
      Total |      54 |      23 |  29.9 |      28 |       4 |  12.5
            +---------+---------+-------+---------+---------+-------
        D:1 |      19 |       0 |   0.0 |      10 |       0 |   0.0
        D:2 |      31 |      23 |  42.6 |      16 |       4 |  20.0
        D:3 |       4 |       0 |   0.0 |       2 |       0 |   0.0
            +---------+---------+-------+---------+---------+-------
